cohdb
Replays
Latest Replays
All Replays
Popular Replays
Top Player Replays
Match Explorer
How It Works
Community
CoH3 Stats
Reddit
Sign in to upload your games and track your stats! →
Sign in with Steam
Match 45813803
Unlisted
Match 45813803
Overview
Messages
Build Orders
End
Vickers Machine Gun Team
Construct Section Command Post
Infantry Section
Construct Field Infirmary
ML 3-inch Mortar Team
Selects Canadian Shock Battlegroup
Selects Attacking Spirit
Infantry Section
Selects Canadian Shock Section
Canadian Shock Section
Construct Platoon Command Post
Selects Incendiary Munitions
Selects Pyrotechnics
Canadian Shock Section
Vickers Machine Gun Team
Construct Company Command Post
Raimund
Kommandoblick
Kannamix
Bartolomaeus Bart
[PD] Ducktus
Nico-Nico-Nii~~
0
0
Comments
sign in to comment!
No comments posted yet!